 Dungeon Crawl Stone Soup version 0.30.0-10-gfe55d96785 (webtiles) character file.

Game seed: 3230254943069070550

482336 Lobster4 the Slayer (level 23, -4/220 HPs)
             Began as a Purple Draconian Conjurer on May 13, 2023.
             Was the Champion of Vehumet.
             Slain by a caustic shrike (20 damage)
             ... on level 3 of the Depths on May 14, 2023.
             The game lasted 04:13:09 (79897 turns).

Lobster4 the Slayer (Purple Draconian Conjurer)    Turns: 79897, Time: 04:13:10

Health: -4/220     AC: 16    Str:  9    XL:     23   Next: 73%
Magic:  9/65       EV: 19    Int: 33    God:    Vehumet [******]
Gold:   4289       SH:  0    Dex: 16    Spells: 10/63 levels left

rFire   + . .        a - staff of earth "Putwoit" {rC+ rN+ Str-2 Dex+4}
rCold   + . .        H - +0 kite shield
rNeg    + + +        (body armour unavailable)
rPois   +            E - +1 hat "Toemmeus" {rCorr MP+9 Int+2 Dex-2}
rElec   .            V - scarf {rC+ rF+}
rCorr   +            K - +0 pair of gloves of Qaoneido {rPois rC- rN++ Dex+2}
SInv    .            S - +2 pair of boots
Will    +++..        P - amulet of reflection
Stlth   +            g - ring of magical power
HPRegen 0.56/turn    Q - ring of Luaff {rN+ Int+5}
MPRegen 0.39/turn

%: reflection
@: confused, short of breath, ambrosia-drunk, studying Shields
A: breathe power, AC +11, unfitting armour, cold-blooded
}: 2/15 runes: serpentine, barnacled
a: Breathe Dispelling Energy, Renounce Religion


You were on level 3 of the Depths.
You worshipped Vehumet.
Vehumet was exalted by your worship.
You visited 10 branches of the dungeon, and saw 45 of its levels.
You visited the Abyss 1 time.
You also visited: Desolation.

You collected 6687 gold pieces.
You spent 2398 gold pieces at shops.

Inventory:

Hand Weapons
 b - the +8 sling "Vuevinai" {elec, +Blink}
   (You took it off an orc on level 5 of the Dungeon)

   +Blink:    It lets you blink.
Armour
 E - the +1 hat "Toemmeus" (worn) {rCorr MP+9 Int+2 Dex-2}
   (You acquired it on level 2 of the Orcish Mines)

   Int:       It affects your intelligence (+2).
   Dex:       It affects your dexterity (-2).
   MP:        It affects your magic capacity (+9).
   rCorr:     It protects you from acid and corrosion.
 H - a +0 kite shield (worn)
 K - the +0 pair of gloves of Qaoneido (worn) {rPois rC- rN++ Dex+2}
   (You bought it in a shop on level 2 of the Orcish Mines)

   Dex:       It affects your dexterity (+2).
   rC:        It makes you vulnerable to cold.
   rPois:     It protects you from poison.
   rN:        It greatly protects you from negative energy.
 S - a +2 pair of boots (worn)
 V - a scarf of resistance (worn)
Magical Staves
 a - the staff of earth "Putwoit" (weapon) {rC+ rN+ Str-2 Dex+4}
   (You acquired it on level 9 of the Dungeon)

   [staff of earth]

   Base accuracy: +5 Base damage: 5 Base attack delay: 1.2 This weapon's minimum
   attack delay (0.6) is reached at skill level 12.
   Str:       It affects your strength (-2).
   Dex:       It affects your dexterity (+4).
   rC:        It protects you from cold.
   rN:        It protects you from negative energy.
   It falls into the 'Staves' category.
   It is a one-handed weapon.
Jewellery
 g - a ring of magical power (left hand)
 l - a ring of magical power
 q - a ring of see invisible
 G - a ring of flight
 N - the ring of Tomorrow {Ice rElec rPois Int-4}
   (You took it off Josephina on level 2 of the Crypt)

   [ring of ice]

   It enhances your ice magic.
   Int:       It affects your intelligence (-4).
   rF:        It makes you vulnerable to fire.
   rC:        It protects you from cold.
   rElec:     It insulates you from electricity.
   rPois:     It protects you from poison.
 P - an amulet of reflection (around neck)
 Q - the ring of Luaff (right hand) {rN+ Int+5}
   (You found it on level 3 of the Crypt)

   [ring of positive energy]

   Int:       It affects your intelligence (+5).
   rN:        It protects you from negative energy.
 T - the ring "Powke" {rPois rN+}
   (You found it on level 3 of the Crypt)

   [ring of positive energy]

   rPois:     It protects you from poison.
   rN:        It protects you from negative energy.
Wands
 d - a wand of mindburst (29)
 h - a wand of digging (31)
 j - a wand of flame (100)
 v - a wand of acid (15)
 J - a wand of paralysis (51)
 R - a wand of roots (49)
Scrolls
 e - 14 scrolls of immolation
 n - 4 scrolls of teleportation
 t - 3 scrolls of enchant armour
 A - 8 scrolls of magic mapping
 B - 6 scrolls of blinking
 D - 9 scrolls of poison
 L - 8 scrolls of fear
 O - 2 scrolls of silence
 U - 6 scrolls of fog
 W - 2 scrolls of butterflies
Potions
 c - 6 potions of might
 f - 9 potions of lignification
 i - 3 potions of cancellation
 k - 27 potions of curing
 o - 12 potions of brilliance
 s - 5 potions of resistance
 w - 4 potions of berserk rage
 x - 4 potions of haste
 z - 9 potions of mutation
 C - 4 potions of ambrosia
 F - 3 potions of heal wounds
 X - 3 potions of flight
 Y - 4 potions of invisibility
Miscellaneous
 u - a tin of tremorstones (2/2)
 M - a box of beasts (inert)
 Z - a lightning rod (3/4)


   Skills:
 - Level 21.0 Fighting
 - Level 5.0 Staves
 - Level 3.0 Throwing
 - Level 15.0 Dodging
 - Level 4.0 Stealth
 + Level 13.3 Shields
 + Level 20.6 Spellcasting
 + Level 19.4 Conjurations
 + Level 19.7 Hexes
 - Level 3.0 Translocations
 + Level 3.7 Transmutations
 - Level 14.0 Earth Magic
 - Level 7.0 Evocations


You had 10 spell levels left.
You knew the following spells:

 Your Spells              Type           Power      Damage    Failure   Level
a - Magic Dart            Conj           100%       1d8       0%          1
b - Searing Ray           Conj           100%       2d8       0%          2
c - Iron Shot             Conj/Erth      60%        9d11      1%          6
d - Iskenderun's Mystic   Conj/Tloc      83%        2d16      1%          4
e - Fulminant Prism       Conj/Hex       52%        3d23      0%          4
f - Slow                  Hex            100%       N/A       0%          1
g - Iskenderun's Battles  Conj           100%       2d15      0%          5
h - Orb of Destruction    Conj           52%        9d13      1%          7
i - Sandblast             Erth           100%       2d20      0%          1
j - Lee's Rapid Deconstr  Erth           56%        3d26*     1%          5
k - Apportation           Tloc           100%       N/A       1%          1
l - Leda's Liquefaction   Hex/Erth       60%        N/A       1%          4
n - Enfeeble              Hex            52%        N/A       1%          7
y - Yara's Violent Unrav  Hex/Tmut       42%        3d17      1%          5

Your spell library contained the following spells:

 Spells                   Type           Power      Damage    Failure   Level
 Chain Lightning          Conj/Air       39%        3d52      100%        9
 Fire Storm               Conj/Fire      39%        8d10      100%        9
 Polar Vortex             Ice            17%        N/A       100%        9
 Confusing Touch          Hex            100%       N/A       0%          3
 Dazzling Flash           Conj/Hex       100%       N/A       0%          3
 Stone Arrow              Conj/Erth      100%       3d13      0%          3
 Cause Fear               Hex            52%        N/A       0%          4
 Foxfire                  Conj/Fire      100%       2x1d9     1%          1
 Kiss of Death            Conj/Necr      100%       2d13      1%          1
 Sting                    Tmut/Pois      100%       1d8       1%          1
 Lesser Beckoning         Tloc           100%       N/A       1%          2
 Passwall                 Tmut/Erth      79%        N/A       1%          2
 Poisonous Vapours        Pois/Air       68%        N/A       1%          2
 Static Discharge         Conj/Air       100%       2-7/arc   1%          2
 Wereblood                Tmut           56%        N/A       1%          2
 Ignite Poison            Fire/Tmut/Pois 42%        N/A       1%          3
 Inner Flame              Hex/Fire       78%        N/A       1%          3
 Portal Projectile        Hex/Tloc       100%       N/A       1%          3
 Volatile Blastmotes      Fire/Tloc      86%        2d17      1%          3
 Anguish                  Hex/Necr       39%        N/A       1%          4
 Petrify                  Tmut/Erth      95%        N/A       1%          4
 Sticky Flame             Conj/Fire      78%        2d9       1%          4
 Arcjolt                  Conj/Air       39%        1d49      1%          5
 Fireball                 Conj/Fire      39%        3d16      1%          5
 Irradiate                Conj/Tmut      42%        3d25      1%          5
 Conjure Ball Lightning   Conj/Air       39%        3x3d13    1%          6
 Starburst                Conj/Fire      39%        6d11      1%          6
 Necrotise                Necr           100%       1d9       2%          1
 Gell's Gravitas          Tloc           52%        N/A       2%          3
 Teleport Other           Tloc           52%        N/A       2%          3
 Sublimation of Blood     Necr           34%        N/A       3%          2
 Borgnjor's Vile Clutch   Necr/Erth      44%        N/A       3%          5
 Vhi's Electric Charge    Tloc/Air       86%        N/A       4%          3
 Lehudib's Crystal Spear  Conj/Erth      60%        10d14     4%          8
 Airstrike                Air            17%        2d(3-19)  7%          4
 Olgreb's Toxic Radiance  Pois           34%        N/A       7%          4
 Call Canine Familiar     Summ           34%        N/A       8%          3
 Ozocubu's Armour         Ice            34%        N/A       8%          3
 Vampiric Draining        Necr           34%        2d8       8%          3
 Statue Form              Tmut/Erth      63%        N/A       10%         6
 Blade Hands              Tmut           28%        N/A       14%         5
 Animate Dead             Necr           34%        N/A       24%         4
 Dispel Undead            Necr           34%        3d15      24%         4
 Summon Lightning Spire   Summ/Air       34%        N/A       24%         4
 Alistair's Intoxication  Tmut/Pois      30%        N/A       30%         5
 Eringya's Noxious Bog    Tmut/Pois      23%        N/A       38%         6
 Agony                    Necr           34%        N/A       56%         5
 Plasma Beam              Fire/Air       17%        2x1d31    65%         6
 Death Channel            Necr           17%        N/A       98%         6
 Simulacrum               Ice/Necr       17%        N/A       98%         6
 Ozocubu's Refrigeration  Ice            17%        4d11      99%         7
 Haunt                    Necr/Summ      17%        N/A       100%        7
 Summon Hydra             Summ           17%        N/A       100%        7
 Ignition                 Fire           17%        3d7       100%        8
 Infestation              Necr           17%        N/A       100%        8
 Necromutation            Tmut/Necr      23%        N/A       100%        8
 Animate Armour           Summ/Erth      Unusable   N/A       N/A         4

Dungeon Overview and Level Annotations

Branches:
Dungeon (15/15)            Temple (1/1) D:4            Lair (5/5) D:9
 Shoals (4/4) Lair:3        Snake (4/4) Lair:2        Slime (0/5) Lair:4
    Orc (2/2) D:9             Elf (3/3) Orc:2        Vaults (4/5) D:14
  Crypt (3/3) Vaults:2       Tomb (0/3) Crypt:3      Depths (4/4) D:15
Desolation (visited)
    Zot: Depths:4

Altars:
Ashenzari
Cheibriados
Dithmenos
Elyvilon
Fedhas
Gozag
Hepliaklqana
Kikubaaqudgha
Makhleb
Nemelex Xobeh
Okawaru
Qazlal
Ru
Sif Muna
Trog
Uskayaw
Vehumet
Wu Jian
Xom
Yredelemnul
Zin
The Shining One

Shops:
D:7 [   D:9 (   D:15 =*[([*   Orc:1 *   Orc:2 **!?*   Elf:2 [   Snake:1 *[
Vaults:2 =

Portals:
Hell: Depths:1 Depths:2 Depths:4
Abyss: Crypt:2
Pandemonium: Depths:2
Wizlab: Depths:3

Annotations:
Vaults:3 2 runed translucent doors, eruonna's ghost, veteran HOBe
Vaults:4 8 runed translucent doors, 2 transporters, exclusion: obsidian statue, Faydane's ghost, veteran HuFi
Crypt:2 2 transporters, Vailuoroe's ghost, veteran GrEE


Innate Abilities, Weirdness & Mutations

You can breathe bolts of dispelling energy.
Your rich purple scales are hard. (AC +11)
You cannot fit into any form of body armour.
You are cold-blooded and may be slowed by cold attacks.


Message History

Aim: a caustic shrike (moderately wounded, ally target, 34% to hit)
You breathe a bolt of dispelling energy.
The bolt of dispelling energy hits the caustic shrike!
The caustic shrike is heavily wounded.
The caustic shrike barely misses you. You block the caustic shrike's attack.
Your mature batox beast hits the caustic shrike!!
Your mature batox beast tramples the caustic shrike but does no damage.
Casting: Searing Ray (safe; 0% risk of failure)
Confirm with . or Enter, or press ? or * to list all spells.
Aiming: Magic Dart (safe; 0% risk of failure)
Press: ? - help, Shift-Dir - straight line, f/p - caustic shrike
Aim: a caustic shrike (severely wounded, not watching you, ally target, 100% to hit)
The magic dart hits the caustic shrike but does no damage.
The caustic shrike is severely wounded.
Your battlesphere fires!
The barrage of energy hits the caustic shrike!
The caustic shrike is almost dead.
Your battlesphere expends the last of its energy and dissipates.
You block the caustic shrike's attack.
Your mature batox beast hits the caustic shrike.
Your mature batox beast barely misses the caustic shrike.
You block the caustic shrike's attack.
You are confused.
You feel invigorated. The caustic shrike claws you!
* * * LOW HITPOINT WARNING * * *
You are splashed with acid.
You resist.
* * * LOW HITPOINT WARNING * * *
The caustic shrike claws you!
* * * LOW HITPOINT WARNING * * *
You are splashed with acid.
You resist.
* * * LOW HITPOINT WARNING * * *
Your mature batox beast completely misses the caustic shrike. x2
The caustic shrike claws you!!
* * * LOW HITPOINT WARNING * * *
You are splashed with acid.
You resist.
* * * LOW HITPOINT WARNING * * *
Your mature batox beast misses the caustic shrike.
Your mature batox beast tramples the caustic shrike but does no damage.
The caustic shrike claws you!!
You die...

# .## #.##
####..######
#..........#
#..........+
#°.bH......#
#...@..)...#
##..).#....#
#####.. ..#
.## # #


You could see a caustic shrike (ally target) and a friendly mature batox beast
(summoned).

Vanquished Creatures
  Sojobo (Crypt:2)
  Josephina (Crypt:2)
  Margery (Crypt:3)
  Xtahua (Crypt:2)
  A curse toe (Crypt:3)
  A bone dragon (Crypt:3)
  Jorgrun (D:13)
  The ghost of komi the Phalangite, an adept MfGl of Fedhas (Vaults:1)
  4 liches
  3 titans
  2 deep elf blademasters
  2 deep elf master archers (Elf:3)
  Polyphemus (Shoals:2)
  8 ancient champions
  6 tengu reavers
  5 sphinxes
  Kirke (D:15)
  A kraken (Shoals:3)
  A tentacled starspawn (Abyss:3)
  A shadow dragon (Vaults:2)
  The ghost of Meoqees the Peltast, an adept MiFi of Okawaru (Shoals:3)
  Roxanne (Snake:1)
  2 fire giants
  2 nagarajas (Snake:4)
  3 revenants
  8 deep elf sorcerers
  4 frost giants
  10 vault wardens
  4 deep elf elementalists (Elf:3)
  3 curse skulls
  A balrug (Depths:1)
  The ghost of reasonance the Severer, a journeyman GrBe of Trog (Orc:1)
  11 ghouls
  2 orc warlords
  The ghost of Adoxt the Protected, a journeyman GrFi of the Shining One (Shoals:3)
  15 very ugly things
  A reaper (Crypt:2)
  5 stone giants
  2 caustic shrike skeletons
  19 ironbound preservers
  Nessos (D:15)
  2 deep elf demonologists (Elf:3)
  7 ironbound thunderhulks
  4 minotaurs
  9 deep elf annihilators (Elf:3)
  12 vampire knights
  2 eidola (Crypt:1)
  24 dire elephants
  2 spark wasps (Depths:1)
  2 merfolk javelineers
  4 merfolk impalers
  22 jiangshi
  3 ettins
  8 deep elf death magi
  3 fire dragons
  8 great orbs of eyes
  A ragged hierophant (Desolation)
  2 entropy weavers
  A quicksilver dragon zombie (Crypt:1)
  5 ice dragons
  A salamander tyrant (Snake:4)
  7 yaktaur captains
  5 deep elf high priests (Elf:3)
  A servant of whispers (Desolation)
  2 rakshasas
  8 hydras
  A peacekeeper (Vaults:2)
  A fenstrider witch zombie (Crypt:1)
  A juggernaut simulacrum (Crypt:2)
  3 ogre magi
  A vault guard (Vaults:2)
  A catoblepas (Shoals:2)
  3 merfolk aquamancers (Shoals:4)
  2 spriggan air magi
  9 ironbound frosthearts
  17 centaur warriors
  Erica (Lair:2)
  A death knight (Crypt:1)
  16 anacondas
  17 satyrs
  4 boulder beetles
  A merfolk avatar (Shoals:2)
  24 dancing weapons
  3 deep troll shamans
  The ghost of becking the Cruncher, a novice AtBe of Trog (Orc:2)
  11 naga warriors
  17 two-headed ogres
  10 shock serpents
  4 tengu warriors
  Urug (Lair:5)
  5 vampire magi
  2 orc high priests
  4 death yaks (Shoals:2)
  7 naga sharpshooters
  3 thrashing horrors (Abyss:3)
  10 hell knights
  A titan skeleton (Crypt:3)
  12 deep elf knights
  2 soul eaters
  21 skeletal warriors
  6 shadow wraiths
  4 skysharks
  An iron troll (Depths:3)
  A sun demon (Depths:1)
  12 salamander mystics
  2 spark wasp zombies
  A goliath frog (Lair:5)
  55 deep trolls
  2 glowing orange brains (Vaults:1)
  2 spriggan simulacra
  8 bog bodies
  3 flayed ghosts
  16 sea snakes
  An orb spider (Abyss:3)
  9 phantasmal warriors
  11 deep elf archers
  14 lindwurms
  6 naga ritualists
  12 ironbound convokers
  A bunyip skeleton (Crypt:3)
  7 wizards
  30 harpies
  23 deep elf zephyrmancers
  28 deep elf pyromancers
  5 orc knights
  2 starcursed masses (Abyss:3)
  10 cyclopes
  An orc sorcerer (Vaults:1)
  2 shadow dragon zombies
  7 necromancers
  19 salamanders
  A stone giant zombie (Crypt:1)
  14 manticores
  18 fauns
  14 mana vipers
  31 ugly things
  A worldbinder (Abyss:3)
  A frost giant skeleton (Depths:1)
  5 guardian serpents
  14 vault sentinels
  3 water nymphs
  9 merfolk sirens
  3 elephants (Lair:5)
  11 naga magi
  15 cane toads
  2 centaur zombies (Crypt:1)
  An elephant slug zombie (Crypt:1)
  The ghost of platinum the Ruffian, a novice DrTm of Makhleb (D:5)
  46 black mambas
  2 smoke demons
  An unseen horror (D:12)
  2 rime drakes (Lair:4)
  2 freezing wraiths
  4 centaur skeletons (D:14)
  3 bunyip simulacra
  An anaconda simulacrum (Crypt:2)
  7 komodo dragons
  20 yaktaurs
  A pale draconian skeleton (Crypt:1)
  6 kobold demonologists
  2 spriggan zombies
  2 tengu conjurers
  A guardian mummy (Crypt:3)
  A mana viper zombie (Crypt:1)
  A harpy zombie (Crypt:3)
  4 polar bears
  12 merfolk
  A red draconian skeleton (Crypt:2)
  5 wind drakes
  5 trolls
  A death drake zombie (Crypt:3)
  Prince Ribbit (Lair:1)
  3 harpy skeletons (Crypt:3)
  3 saltlings (Desolation)
  2 hydra skeletons
  5 raiju (Abyss:3)
  3 tyrant leeches (Lair:5)
  28 blink frogs
  5 dream sheep (Lair:3)
  5 snapping turtles
  An air elemental (Elf:3)
  5 centaur simulacra (D:15)
  3 vampires
  12 slime creatures
  2 shadows
  A culicivora (shapeshifter) (Elf:2)
  13 water elementals
  2 fire elementals
  8 wraiths
  2 small abominations (Abyss:3)
  46 yaks
  5 wyverns
  5 hogs (D:15)
  3 basilisks
  A neqoxec (Abyss:3)
  2 redbacks
  2 steam dragons
  Eustachio (D:6)
  A chaos spawn (Abyss:3)
  11 vampire mosquitoes
  A two-headed ogre zombie (Crypt:1)
  4 wargs
  29 nagas
  A deep troll zombie (Crypt:2)
  A naga zombie (Crypt:1)
  An iron troll simulacrum (Crypt:2)
  3 acid dragons
  14 water moccasins
  2 large abominations (Abyss:3)
  An entropy weaver zombie (Crypt:1)
  2 deep troll skeletons (Crypt:2)
  A faun skeleton (Crypt:2)
  5 ice beasts
  4 sky beasts (D:7)
  41 orc warriors
  7 black bears
  6 wolves
  6 boggarts
  17 ogres
  35 centaurs
  A torpor snail zombie (Crypt:2)
  2 hog skeletons
  3 phantoms
  A fire crab zombie (Crypt:3)
  8 kobold brigands
  A cyclops zombie (Crypt:1)
  9 bullfrogs
  3 earth elementals
  6 necrophages
  3 scorpions
  2 naga simulacra
  An elf skeleton (Crypt:1)
  A wyvern skeleton (Crypt:2)
  A tengu zombie (Depths:1)
  15 wights
  A troll zombie (Crypt:2)
  A shapeshifter zombie (Crypt:3)
  14 killer bees
  4 electric eels
  6 howler monkeys
  A lava snake (D:7)
  A quasit (Abyss:3)
  4 hounds
  4 jellies
  2 gnoll boudas
  11 orc priests
  A black bear skeleton (Crypt:3)
  2 sleepcaps
  A human skeleton (Crypt:3)
  Natasha (thrice) (D:2)
  4 iguanas
  16 orc wizards
  An ogre zombie (Crypt:3)
  A tengu skeleton (Crypt:2)
  A hound skeleton (Crypt:1)
  12 mummies (Crypt:3)
  6 adders
  3 gnolls
  A shadow imp (D:7)
  9 white imps
  4 ufetubi
  A lava snake skeleton (Crypt:2)
  2 worms
  3 dart slugs
  75 orcs
  13 ball pythons
  10 endoplasms
  2 giant cockroaches
  7 goblins
  4 hobgoblins
  3 quokkas
  11 bats
  4 frilled lizards
  2 jackal skeletons (Crypt:2)
  32 kobolds
  9 rats
  A fire vortex (D:15)
  A starspawn tentacle (Abyss:3)
1790 creatures vanquished.

Vanquished Creatures (collateral kills)
  A caustic shrike (Depths:3)
  Saint Roka (Vaults:1)
  A vault warden (Vaults:3)
3 creatures vanquished.

Vanquished Creatures (others)
  A nagaraja (Snake:3)
  A deep elf archer (Elf:1)
  2 saltlings (Desolation)
  A large abomination (Abyss:3)
  A human (D:15)
  126 fulminant prisms
  3 starspawn tentacles (Abyss:3)
  4 tentacles (Shoals:3)
139 creatures vanquished.

Grand Total: 1932 creatures vanquished

Notes
Turn   | Place    | Note
-------+----------+-------------------------------------------
     0 | D:1      | Lobster4 the Draconian Conjurer began the quest for the
                  | Orb.
     0 | D:1      | Reached XP level 1. HP: 14/14 MP: 3/3
   161 | D:1      | Reached XP level 2. HP: 22/22 MP: 0/5
   164 | D:1      | Learned a level 2 spell: Searing Ray
  1182 | D:2      | Reached skill level 1 in Fighting
  1182 | D:2      | Reached XP level 3. HP: 28/28 MP: 1/6
  1279 | D:2      | Reached skill level 1 in Staves
  1466 | D:2      | Found a faded altar of an unknown god.
  1624 | D:2      | Found a shimmering altar of Xom.
  1863 | D:2      | Reached XP level 4. HP: 35/35 MP: 0/7
  2014 | D:2      | Noticed Natasha
  2016 | D:2      | Killed Natasha
  2218 | D:2      | Noticed Natasha
  2223 | D:2      | Killed Natasha
  2319 | D:2      | Reached XP level 5. HP: 40/41 MP: 0/9
  2628 | D:2      | Noticed Natasha
  2631 | D:2      | Killed Natasha
  2632 | D:2      | Reached skill level 2 in Fighting
  3226 | D:3      | Found a sparkling altar of Nemelex Xobeh.
  3296 | D:3      | Found a shimmering altar of Xom.
  3490 | D:3      | Found an ornate altar of the Wu Jian Council.
  3693 | D:3      | Found a glowing golden altar of the Shining One.
  3797 | D:4      | Noticed a phantom
  3979 | D:4      | Reached XP level 6. HP: 48/48 MP: 0/10
  4208 | D:4      | Reached skill level 1 in Evocations
  4544 | D:4      | Reached skill level 1 in Throwing
  4631 | D:4      | Found a staircase to the Ecumenical Temple.
  4649 | Temple   | Entered the Ecumenical Temple
  4848 | Temple   | Became a worshipper of Vehumet
  5135 | D:5      | Entered Level 5 of the Dungeon
  5406 | D:5      | Your scales start taking on a rich purple colour.
  5406 | D:5      | Reached XP level 7. HP: 55/56 MP: 1/12
  5501 | D:5      | Reached skill level 5 in Conjurations
  5619 | D:5      | Noticed platinum's ghost (novice DrTm)
  5622 | D:5      | Identified the +0 chain mail "Gulloat" {rC+}
  5647 | D:5      | Reached skill level 3 in Fighting
  6431 | D:5      | Reached * piety under Vehumet
  6431 | D:5      | Offered knowledge of Sandblast by Vehumet.
  6462 | D:5      | Learned a level 1 spell: Sandblast
  6481 | D:5      | Found a runed translucent gate.
  6517 | D:5      | Found a runed translucent gate.
  6517 | D:5      | Found a runed translucent gate.
  6522 | D:5      | Identified the +8 sling "Vuevinai" {elec, +Blink}
  6550 | D:5      | Reached XP level 8. HP: 60/63 MP: 10/14
  7295 | D:6      | Reached skill level 1 in Earth Magic
  7464 | D:6      | Reached skill level 4 in Fighting
  7899 | D:6      | Reached skill level 5 in Spellcasting
  8026 | D:6      | Noticed Eustachio
  8036 | D:6      | Killed Eustachio
  8165 | D:7      | Reached XP level 9. HP: 72/72 MP: 9/17
  8389 | D:7      | Reached skill level 5 in Fighting
  8756 | D:7      | Found a large runed translucent door.
  8757 | D:7      | Found a large runed translucent door.
  9013 | D:7      | Learned a level 4 spell: Iskenderun's Mystic Blast
  9041 | D:7      | Offered knowledge of Static Discharge by Vehumet.
  9050 | D:7      | Reached ** piety under Vehumet
  9195 | D:7      | Noticed a two-headed ogre
  9208 | D:7      | Killed a two-headed ogre
  9209 | D:7      | Reached skill level 5 in Staves
  9209 | D:7      | Reached skill level 5 in Dodging
  9398 | D:7      | Reached skill level 6 in Fighting
  9398 | D:7      | Reached XP level 10. HP: 45/83 MP: 19/19
  9400 | D:7      | Noticed a cyclops
  9727 | D:7      | Found Eroggou's Armour Emporium.
  9887 | D:7      | Killed a cyclops
  9888 | D:7      | Reached skill level 5 in Earth Magic
 10397 | D:8      | Found a shimmering blue altar of Sif Muna.
 10465 | D:8      | Learned a level 4 spell: Fulminant Prism
 10484 | D:8      | Offered knowledge of Poisonous Vapours by Vehumet.
 10617 | D:8      | Found a broken altar of Ashenzari.
 10829 | D:8      | Reached *** piety under Vehumet
 10987 | D:8      | Reached skill level 1 in Hexes
 11326 | D:9      | Identified a scroll of acquirement
 11367 | D:9      | Reached skill level 7 in Fighting
 11435 | D:9      | Offered knowledge of Mephitic Cloud by Vehumet.
 11637 | D:9      | Found a staircase to the Lair.
 11708 | D:9      | Found Nifroumm's Weapon Shoppe.
 11926 | D:9      | Found a staircase to the Orcish Mines.
 12211 | D:10     | Entered Level 10 of the Dungeon
 12498 | D:10     | Reached XP level 11. HP: 92/92 MP: 22/22
 12602 | D:10     | Reached **** piety under Vehumet
 12627 | D:10     | Offered knowledge of Volatile Blastmotes by Vehumet.
 12991 | D:10     | Noticed a two-headed ogre
 13011 | D:10     | Killed a two-headed ogre
 13276 | D:11     | Noticed a two-headed ogre
 13287 | D:11     | Killed a two-headed ogre
 13685 | D:11     | Found a shadowy altar of Dithmenos.
 14134 | D:11     | Reached skill level 1 in Translocations
 14172 | D:11     | Learned a level 4 spell: Leda's Liquefaction
 14190 | D:12     | Identified the +1 ring mail "Unnicvau" {rC+ Int+3 Slay+2}
 14205 | D:12     | Reached skill level 8 in Fighting
 14323 | D:12     | Noticed a purple ugly thing
 14332 | D:12     | Killed a purple ugly thing
 14345 | D:12     | Noticed a two-headed ogre
 14354 | D:12     | Killed a two-headed ogre
 14608 | D:12     | Noticed a two-headed ogre
 14615 | D:12     | Killed a two-headed ogre
 15497 | Lair:1   | Entered Level 1 of the Lair of Beasts
 15509 | Lair:1   | Reached skill level 1 in Shields
 15509 | Lair:1   | Reached skill level 5 in Hexes
 15819 | Lair:1   | Reached ***** piety under Vehumet
 15903 | Lair:1   | Noticed Prince Ribbit
 15913 | Lair:1   | Killed Prince Ribbit
 15914 | Lair:1   | Reached XP level 12. HP: 103/103 MP: 25/25
 15924 | Lair:1   | Offered knowledge of Airstrike by Vehumet.
 16919 | Lair:1   | Identified the +0 robe "Jiufecur" {Drain +Blink rC++ Will+}
 17599 | Lair:2   | Reached skill level 9 in Fighting
 17823 | Lair:2   | Found a staircase to the Snake Pit.
 17978 | Lair:2   | Noticed Erica
 17992 | Lair:2   | Killed Erica
 18092 | Lair:2   | Identified the -1 helmet "Uli Tok" {Str-2 Int+4}
 18710 | Lair:3   | Noticed a six-headed hydra
 18725 | Lair:3   | Killed a six-headed hydra
 19049 | Lair:3   | Noticed a five-headed hydra
 19064 | Lair:3   | Killed a five-headed hydra
 19307 | Lair:3   | Reached skill level 10 in Spellcasting
 19723 | Lair:3   | Found a staircase to the Shoals.
 19961 | Lair:3   | Reached XP level 13. HP: 97/112 MP: 27/27
 20024 | Lair:4   | Found a staircase to the Slime Pits.
 20604 | Lair:4   | Reached skill level 10 in Conjurations
 20628 | Lair:4   | Reached skill level 10 in Fighting
 20716 | Lair:4   | Reached skill level 5 in Shields
 21611 | Lair:4   | Learned a level 1 spell: Slow
 21656 | Lair:5   | Entered Level 5 of the Lair of Beasts
 22308 | Lair:5   | Noticed Urug
 22629 | Lair:5   | Offered knowledge of Olgreb's Toxic Radiance by Vehumet.
 23182 | Lair:5   | Killed Urug
 23363 | Lair:5   | Reached XP level 14. HP: 108/122 MP: 21/29
 23754 | Orc:1    | Entered Level 1 of the Orcish Mines
 23791 | Orc:1    | Reached skill level 11 in Fighting
 24078 | Orc:1    | Found Jywiluas's Overcharged Wands.
 24725 | Orc:1    | Found a runed translucent door.
 24729 | Orc:1    | Noticed reasonance's ghost (journeyman GrBe)
 24921 | Orc:2    | Entered Level 2 of the Orcish Mines
 24921 | Orc:2    | Found a staircase to the Elven Halls.
 24921 | Orc:2    | Found a runed translucent gate.
 25057 | Orc:2    | Found a runed translucent gate.
 25057 | Orc:2    | Found an opulent altar of Gozag.
 25058 | Orc:2    | Found a runed translucent gate.
 25066 | Orc:2    | Noticed becking's ghost (novice AtBe)
 25067 | Orc:2    | Found Ackorig's Assorted Antiques.
 25603 | Orc:2    | Offered knowledge of Iskenderun's Battlesphere by Vehumet.
 25610 | Orc:2    | Learned a level 5 spell: Iskenderun's Battlesphere
 26002 | Orc:2    | Reached skill level 10 in Dodging
 26649 | Orc:2    | Found Kazog's Assorted Antiques.
 26649 | Orc:2    | Found Kuiryng's Distillery.
 26651 | Orc:2    | Found Liuse's Magic Scroll Emporium.
 26653 | Orc:2    | Found Muaz Dote's Assorted Antiques.
 26665 | Orc:2    | Bought a pair of ichor-stained gloves for 256 gold pieces
 26665 | Orc:2    | Identified the +0 pair of gloves of Qaoneido {rPois rC-
                  | rN++ Dex+2} (You bought it in a shop on level 2 of the
                  | Orcish Mines)
 26679 | Orc:2    | Bought a potion of flight for 42 gold pieces
 26776 | Orc:2    | Killed becking's ghost
 26915 | Orc:2    | Reached skill level 12 in Fighting
 26915 | Orc:2    | Reached skill level 10 in Hexes
 26915 | Orc:2    | Reached XP level 15. HP: 132/132 MP: 31/31
 26916 | Orc:2    | Acquired the staff of earth "Putwoit" {rC+ rN+ Str-2 Dex+4}
 26957 | Orc:2    | Bought a scroll of acquirement for 1404 gold pieces
 26963 | Orc:2    | Acquired the +1 hat "Toemmeus" {rCorr MP+9 Int+2 Dex-2}
 27471 | D:13     | Noticed Jorgrun
 28449 | Abyss:2  | Found a corrupted altar of Lugonu.
 28449 | Abyss:2  | Cast into level 2 of the Abyss (a wizard)
 28454 | Abyss:3  | Found a corrupted altar of Lugonu.
 28463 | Abyss:3  | Noticed a lich
 28472 | Abyss:3  | Killed a lich
 28602 | Abyss:3  | Found a corrupted altar of Lugonu.
 28615 | Abyss:3  | Noticed a tentacled starspawn
 28647 | Abyss:3  | Noticed a tentacled starspawn
 28660 | Abyss:3  | Killed a tentacled starspawn
 28674 | Abyss:3  | Noticed a tentacled starspawn
 28685 | Abyss:3  | Found a corrupted altar of Lugonu.
 28717 | Abyss:3  | Found a corrupted altar of Lugonu.
 28820 | Abyss:3  | Found a corrupted altar of Lugonu.
 28856 | Abyss:3  | Noticed a hellephant
 29031 | D:14     | Escaped the Abyss
 30099 | D:14     | Reached XP level 16. HP: 141/141 MP: 28/32
 30319 | D:14     | Reached ****** piety under Vehumet
 30735 | D:14     | Found a gate to the Vaults.
 31033 | D:15     | Entered Level 15 of the Dungeon
 31426 | D:15     | Reached skill level 13 in Fighting
 31671 | D:15     | Noticed Nessos
 31683 | D:15     | Killed Nessos
 31924 | D:15     | Offered knowledge of Iron Shot by Vehumet.
 31937 | D:14     | Learned a level 6 spell: Iron Shot
 32125 | D:15     | Noticed Kirke
 32138 | D:15     | Killed Kirke
 32412 | D:15     | Found Utemp's General Store.
 32412 | D:15     | Found Gezev's Armour Shoppe.
 32414 | D:15     | Found Xuiguraf's Antique Weapon Shop.
 32414 | D:15     | Found Qerranud's Armour Emporium.
 32416 | D:15     | Found Xelu Ven's General Store.
 32416 | D:15     | Found Qefiro's Jewellery Shoppe.
 32539 | D:15     | Bought a scroll of blinking for 120 gold pieces
 32970 | D:15     | Found a staircase to the Depths.
 33531 | Elf:1    | Entered Level 1 of the Elven Halls
 34950 | Elf:1    | Offered knowledge of Yara's Violent Unravelling by Vehumet.
 35004 | Elf:1    | Learned a level 5 spell: Yara's Violent Unravelling
 35613 | Elf:2    | Reached skill level 1 in Transmutations
 35810 | Elf:2    | Reached XP level 17. HP: 151/151 MP: 23/35
 36215 | Elf:2    | Found Otauwodi's Armour Boutique.
 36226 | Elf:2    | Reached skill level 14 in Fighting
 36631 | Elf:2    | Got the Elucidation of Attacks
 36640 | Elf:2    | Learned a level 7 spell: Orb of Destruction
 37212 | Elf:2    | Found a huge runed translucent gate.
 37212 | Elf:2    | Found a huge runed translucent gate.
 37212 | Elf:2    | Found a huge runed translucent gate.
 37216 | Elf:2    | Found a huge runed translucent gate.
 37219 | Elf:2    | Found a huge runed translucent gate.
 37364 | Elf:3    | Entered Level 3 of the Elven Halls
 38755 | Elf:2    | Noticed a deep elf blademaster
 38760 | Elf:2    | Killed a deep elf blademaster
 38960 | Elf:2    | Offered knowledge of Lee's Rapid Deconstruction by Vehumet.
 38969 | Elf:2    | Learned a level 5 spell: Lee's Rapid Deconstruction
 40098 | Elf:3    | Noticed a deep elf master archer
 40114 | Elf:3    | Killed a deep elf master archer
 40226 | Elf:3    | Identified the +5 broad axe of Obain {spect, Contam +Blink
                  | rElec rN++}
 40328 | Elf:3    | Identified the +3 bardiche of Termination {vamp, Fragile
                  | rN+++ Str+5}
 40329 | Elf:3    | Identified the ring of Taor {Ice Str+5 Int+3 SInv}
 40483 | Elf:3    | Reached skill level 15 in Spellcasting
 40492 | Elf:3    | Noticed a Tzitzimitl
 40775 | Elf:3    | Noticed a deep elf master archer
 40778 | Elf:3    | Killed a deep elf master archer
 40779 | Elf:3    | Reached XP level 18. HP: 162/162 MP: 26/37
 41092 | Elf:3    | Got the Handbook of Transformation
 41106 | Elf:3    | Got the Secrets of the Wyrd
 41376 | Snake:1  | Entered Level 1 of the Snake Pit
 41509 | Snake:1  | Reached skill level 15 in Fighting
 41772 | Snake:1  | Found Jemul's Armour Boutique.
 41772 | Snake:1  | Found Nietec's Assorted Antiques.
 41790 | Snake:1  | Bought a scarf of resistance for 576 gold pieces
 42430 | Snake:1  | Identified the +4 shortbow "Biocwucza" {speed, rElec rC+
                  | Int+4}
 42468 | Snake:1  | Noticed Roxanne
 42472 | Snake:1  | Killed Roxanne
 43047 | Snake:2  | Offered knowledge of Conjure Ball Lightning by Vehumet.
 43262 | Snake:2  | Reached skill level 10 in Earth Magic
 43458 | Snake:2  | Acquired 1144 gold pieces
 44119 | Snake:3  | Identified the ring "Boehy" {*Corrode Fly AC+4 Str+9 Dex-3}
 44606 | Snake:3  | Reached skill level 16 in Fighting
 45986 | Snake:4  | Entered Level 4 of the Snake Pit
 46310 | Snake:4  | Found a snail-covered altar of Cheibriados.
 46495 | Snake:4  | Reached skill level 15 in Conjurations
 47195 | Snake:4  | Reached XP level 19. HP: 174/174 MP: 38/38
 47273 | Snake:4  | Offered knowledge of Fire Storm by Vehumet.
 47273 | Snake:4  | Offered knowledge of Chain Lightning by Vehumet.
 47273 | Snake:4  | Offered knowledge of Polar Vortex by Vehumet.
 48115 | Snake:4  | Got a serpentine rune of Zot
 48509 | Vaults:1 | Entered Level 1 of the Vaults
 48535 | D:14     | Reached skill level 17 in Fighting
 49044 | Vaults:1 | Reached skill level 5 in Evocations
 50491 | Vaults:1 | Reached skill level 15 in Hexes
 51849 | Vaults:1 | Found a runed translucent gate.
 51850 | Vaults:1 | Found a runed translucent gate.
 51850 | Vaults:1 | Found a runed translucent gate.
 51851 | Vaults:1 | Noticed komi's ghost (adept MfGl)
 51852 | Vaults:1 | Found an iron altar of Okawaru.
 51884 | Vaults:1 | Noticed Saint Roka
 51917 | Vaults:1 | Killed Saint Roka
 52380 | Vaults:1 | Identified the +7 eveningstar of Modesty {drain, Str-4
                  | Dex+4}
 52526 | Vaults:1 | Reached skill level 18 in Fighting
 52903 | Vaults:2 | Found a crumbling gateway.
 52922 | Desolati | Entered the Desolation of Salt
 52929 | Desolati | Reached XP level 20. HP: 187/187 MP: 40/40
 54912 | Vaults:2 | Found Yfituik's Jewellery Boutique.
 55184 | Vaults:2 | Found a staircase to the Crypt.
 55846 | Vaults:3 | Reached skill level 19 in Fighting
 57577 | Vaults:3 | Identified the ring of Equivalence {rF- rN++ Will+}
 57578 | Vaults:3 | Found a large runed translucent door.
 57578 | Vaults:3 | Found a large runed translucent door.
 57578 | Vaults:3 | Noticed eruonna's ghost (veteran HOBe)
 58576 | Vaults:4 | Reached skill level 15 in Dodging
 58581 | Vaults:4 | Reached XP level 21. HP: 130/200 MP: 35/42
 59345 | Vaults:4 | Found a large runed translucent door.
 59345 | Vaults:4 | Found a large runed translucent door.
 59346 | Vaults:4 | Found a large runed translucent door.
 59346 | Vaults:4 | Found a large runed translucent door.
 59347 | Vaults:4 | Found a large runed translucent door.
 59347 | Vaults:4 | Found a large runed translucent door.
 59347 | Vaults:4 | Noticed Faydane's ghost (veteran HuFi)
 59348 | Vaults:4 | Found a large runed translucent door.
 59348 | Vaults:4 | Found a large runed translucent door.
 59391 | Vaults:4 | Reached skill level 20 in Fighting
 59979 | Vaults:4 | Found a transporter.
 59993 | Vaults:4 | Found a transporter.
 60103 | Vaults:4 | Learned a level 1 spell: Apportation
 60492 | Shoals:1 | Entered Level 1 of the Shoals
 60496 | Shoals:1 | Reached skill level 10 in Shields
 62843 | Shoals:2 | Noticed Polyphemus
 62871 | Shoals:2 | Killed Polyphemus
 63976 | Shoals:3 | Found a runed translucent gate.
 63976 | Shoals:3 | Found a runed translucent gate.
 63976 | Shoals:3 | Found a runed translucent gate.
 64309 | Shoals:3 | Noticed Adoxt's ghost (journeyman GrFi)
 64309 | Shoals:3 | Noticed Meoqees's ghost (adept MiFi)
 64791 | Shoals:3 | Killed Adoxt's ghost
 64822 | Shoals:3 | Killed Meoqees's ghost
 65009 | Shoals:4 | Entered Level 4 of the Shoals
 66091 | Shoals:4 | Identified the +1 morningstar of Lidwiqu {drain, Str+2}
 66166 | Shoals:4 | Identified the +1 scale mail of Lust {rF+ Regen+ Str-5
                  | Dex+8}
 66233 | Shoals:4 | Reached XP level 22. HP: 181/209 MP: 7/45
 66756 | Shoals:4 | Got a barnacled rune of Zot
 67405 | Crypt:1  | Entered Level 1 of the Crypt
 70023 | Crypt:2  | Found a one-way gate to the infinite horrors of the Abyss.
 70038 | Crypt:2  | Noticed Vailuoroe's ghost (veteran GrEE)
 70411 | Crypt:2  | Found a transporter.
 70935 | Crypt:2  | Found a transporter.
 70978 | Crypt:2  | Noticed Sojobo
 71154 | Crypt:3  | Entered Level 3 of the Crypt
 71387 | Crypt:3  | Found a staircase to the Tomb.
 71566 | Crypt:3  | Learned a level 7 spell: Enfeeble
 72074 | Crypt:3  | Noticed Margery
 72077 | Crypt:3  | Killed Margery
 72078 | Crypt:3  | Reached skill level 21 in Fighting
 72247 | Crypt:2  | Killed Sojobo
 72516 | Crypt:2  | Noticed Xtahua
 72521 | Crypt:2  | Killed Xtahua
 72574 | Crypt:2  | Identified the ring of Tomorrow {Ice rElec rPois Int-4}
 72574 | Crypt:2  | Noticed Josephina
 72579 | Crypt:2  | Killed Josephina
 73885 | Crypt:3  | Reached XP level 23. HP: 220/220 MP: 44/47
 74644 | Crypt:3  | Found an ancient bone altar of Kikubaaqudgha.
 74679 | Crypt:3  | Noticed a curse toe
 74680 | Crypt:3  | Found a basalt altar of Yredelemnul.
 74920 | Crypt:3  | Got the Tractate on Unhallowed Arts
 74936 | Crypt:3  | Killed a curse toe
 74953 | Crypt:3  | Identified the ring of Luaff {rN+ Int+5}
 74953 | Crypt:3  | Identified the amulet of Yendor {Harm rElec Regen+ Stlth+}
 74953 | Crypt:3  | Identified the ring "Powke" {rPois rN+}
 75511 | D:5      | Killed platinum's ghost
 75631 | D:7      | Found a hide-covered altar of Uskayaw.
 75643 | D:7      | Found an opulent altar of Gozag.
 75789 | Orc:1    | Killed reasonance's ghost
 76016 | D:13     | Killed Jorgrun
 76152 | Vaults:1 | Killed komi's ghost
 76387 | Vaults:1 | Identified the +5 double sword "Widowmaker" {heavy, rF- rC+
                  | Int+3}
 76496 | Depths:1 | Entered Level 1 of the Depths
 77340 | Depths:1 | Found a blossoming altar of Fedhas.
 78264 | Depths:1 | Found a gateway to Hell.
 78652 | Depths:2 | Found a one-way gate leading to the halls of Pandemonium.
 79410 | Depths:2 | Found the +0 pair of fencer's gloves {Riposte Dex+3}
 79829 | Depths:3 | Found a magical portal.
 79847 | Depths:3 | You fall into a shaft and drop 1 floor!
 79847 | Depths:4 | Entered Level 4 of the Depths
 79860 | Depths:4 | Noticed a caustic shrike
 79860 | Depths:4 | Noticed a caustic shrike
 79860 | Depths:4 | Noticed a caustic shrike
 79882 | Depths:3 | Noticed a caustic shrike
 79887 | Depths:3 | Noticed a caustic shrike
 79893 | Depths:3 | Killed a caustic shrike
 79897 | Depths:3 | Slain by a caustic shrike

Illustrated notes

Levels and vault maps discovered:
D:1:      ncdulo_smallfort, layout_basic
D:2:      minmay_razor_zed, layout_basic, basic_altar,
          shapermc_ecumenical_altar_mp_ritualfount, uniq_natasha
D:3:      layout_basic, mainiacjoe_overflow_24_doors,
          nicolae_wu_jian_immortal_techniques, tso_oasis_becter, tgw_xom,
          serial_glass, glass_columns_b, glass_columns_a, glass_columns_a,
          glass_columns_a, glass_columns_a, glass_columns_a, glass_columns_c,
          glass_columns_a, st_stairs_4
D:4:      layout_gridville, minmay_temple_entry_glassed_door,
          minmay_misc_feat_pillars
D:5:      layout_layer_cave, biasface_ghost_orc_armoury, minmay_between
D:6:      layout_basic, uniq_eustachio
D:7:      nzn_winding_woodlands_small [nzn_winding_woodlands_5x15_sawtooth,
          nzn_winding_woodlands_center_pierced_h,
          nzn_winding_woodlands_5x15_river_crossing], layout_loops_ring,
          jmf_multi_god_temple2, serial_shops, kennysheep_little_box,
          kennysheep_minor_cross
D:8:      layout_rooms, nicolae_ashenzari_skybound, mainiacjoe_overflow_alcove_4
D:9:      layout_roguey, erik_lair_orcish_takeover, orc_0_dummy, serial_shops,
          nicolae_shop_tiny_real_fake_doors
D:10:     layout_small_grid
D:11:     layout_loops_ring, nicolae_dithmenos_through_a_glass_darkly
D:12:     layout_small_grid, serial_park_tiny_pond
D:13:     layout_irregular_city, uniq_jorgrun
D:14:     layout_loops_ring, hangedman_vaults_entry_quadrant_bands,
          roderic_roman_lattice
D:15:     grunt_enter_depths_giant_problem, layout_basic, serial_ice,
          serial_ice_i, serial_ice_c, serial_ice_h, serial_ice_n, serial_ice_o,
          serial_ice_b, serial_ice_f, serial_ice_m, serial_ice_a, serial_ice_d,
          hangedman_decor_peaks_small, nicolae_wooded_promenade, uniq_nessos,
          uniq_kirke
Temple:   eino_narrow_crystal_temple
Lair:1:   layout_layer_cave, gammafunk_lair_bear_cave, uniq_prince_ribbit2
Lair:2:   layout_cave_shapes, minmay_snake_entry_guardpost_medium, uniq_erica
Lair:3:   layout_concentric_octagons, minmay_shoals_entry_centaurs,
          beast_lair_carwin_3
Lair:4:   layout_gridlike, slime_entry_1, serial_bayou_pond_a,
          forest_entry_grove
Lair:5:   minmay_lair_end_frog_pond, layout_loops_ring, uniq_urug
Shoals:1: layout_shoals, nicolae_shoals_secluded_bog
Shoals:2: cheibrodos_shoals_satyrical_garden, layout_shoals, st_shoals_ruin,
          uniq_polyphemus
Shoals:3: layout_shoals, gammafunk_ghost_cemetery
Shoals:4: shoals_end_hellmonk_lost_city
Snake:1:  layout_misc_corridors, nicolae_snake_gridmaze_waves,
          nicolae_snake_lava_pool, grunt_megastairs_4, minmay_shoptagon,
          uniq_roxanne
Snake:2:  layout_grid_shapes
Snake:3:  layout_layer_cave, st_stairs_9, grunt_megastairs_3
Snake:4:  snake_pit_salamanders_mu, layout_grid_shapes, basic_altar
Orc:1:    layout_caves, hellmonk_ghost_happy_afterlife, basic_altar,
          nicolae_shop_overcharged_wands
Orc:2:    st_orc_rangers, layout_diamond_mine, ebering_ghost_gozag
Elf:1:    elf_arrival_001, layout_gridlike, hangedman_elf_disciples
Elf:2:    elven_hall_of_blades_hangedman_alternative
          [nicolae_blade_little_rooms], layout_onion_city, serial_shops,
          nicolae_shop_tiny_real_fake_doors, minmay_elf_annihilation
Elf:3:    minmay_elf_hall_curves, layout_loops_cross
Vaults:1: gammafunk_ghost_fury_of_okawaru, nicolae_vaults_octothorpe,
          vaults_room_boxed, nicolae_vaults_minivaults,
          nicolae_vaults_trapezoid_layered, nicolae_vaults_closet_pinwheel_4,
          nicolae_vaults_tetromino_L_2, grunt_vaults_focal,
          hangedman_vaults_capsules, nicolae_vaults_sesquioval_fish,
          nicolae_vaults_apartment_2, layout_vaults_chaotic_city,
          uniq_saint_roka
Vaults:2: portal_desolation_entry_nicolae_slug,
          nicolae_vaults_offset_grid_hallway_2, nicolae_vaults_border_crossing,
          hangedman_vaults_stitches, nicolae_vaults_two_Ls,
          nicolae_vaults_storage_closets_1, nicolae_vaults_network_quinsquares
          [nicolae_vaults_network_quincunx_subvault,
          nicolae_vaults_network_quincunx_subvault,
          nicolae_vaults_network_quincunx_subvault,
          nicolae_vaults_network_quincunx_subvault], v_misc_3,
          nicolae_vaults_storage_room_statues, nicolae_vaults_turnstiles,
          nicolae_vaults_double_plus_2, vaults_room_semicircle,
          layout_vaults_maze_snakey, minmay_crypt_entry_nasty_monster,
          serial_shops, nicolae_shop_back_alley_shop
Vaults:3: advil_vaults_ghost_guards, nicolae_vaults_oval_intersection,
          nicolae_vaults_asterisk, nicolae_vaults_quadrants,
          ontoclasm_vaults_spin, hangedman_vaults_river_flow, v_misc_10,
          nicolae_vaults_apartment_2, hangedman_vaults_unwind,
          layout_vaults_omnigrid
Vaults:4: advil_vaults_ghost_lines, nicolae_vaults_oval_intersection,
          nicolae_vaults_yaktaur_gun_rack, gammafunk_sealed_arena,
          vaults_mumra_chevron, nicolae_vaults_variable_pillar_hall,
          vaults_mumra_hex, vaults_dpeg_diagonal, v_misc_13,
          nicolae_vaults_oval_intersection, v_misc_2, serial_ice_g,
          layout_vaults_ring
Crypt:1:  layout_catacombs, roderic_lattice_octagonal_star
Crypt:2:  layout_misc_corridors, gammafunk_ghost_abyssal_escape, st_stairs_4,
          minivault_23, skrybe_necro_troll_1, uniq_xtahua, uniq_josephina,
          uniq_sojobo
Crypt:3:  lightli_unholy_cathedral, layout_chaotic_city,
          nicolae_tomb_entry_unfolded_pyramid_diagonal, uniq_margery
Depths:1: layout_honeycomb, fedhas_altar_1, lightli_too_deep, drop_trap,
          hangedman_abyss_or_decor_stabs, kennysheep_another_room,
          nicolae_figureground_sparkle, infiniplex_staircase_pool_lava
Depths:2: minmay_mutant_horseshoe, layout_honeycomb, hell_entry,
          minmay_misc_feat_columns, pan_entry, infiniplex_staircase_pool_1,
          firewood_loft
Depths:3: minmay_angry_zag, layout_gridville, ziggurat_fallback,
          kennysheep_donut, abyss_entry_small_statue_room, hangedman_geh_valley,
          infiniplex_enter_wizlab_glasses, infiniplex_staircase_hallway_doors
Depths:4: evilmike_zot_entry_castle, layout_cave_shapes,
          chequers_hall_statues_wall_a, hell_entry, gammafunk_ghost_tricky_traps

Skill      XL: |  1  2  3  4  5  6  7  8  9 10 11 12 13 14 15 16 17 18 19 20 21 22 23 |
---------------+----------------------------------------------------------------------+-----
Stealth        | 2 3 4 |  4.0
Dodging        | 2 3 4 5 6 7 8 9 10 11 12 13 14 15 | 15.0
Fighting       | 1 2 3 4 6 7 8 9 10 12 13 14 16 18 19 20 21 | 21.0
Staves         | 1 2 3 4 5 |  5.0
Evocations     | 1 2 3 6 7 |  7.0
Throwing       | 1 2 3 |  3.0
Spellcasting   | 3 4 5 6 7 9 10 11 12 14 15 16 17 19 20 | 20.6
Conjurations   | 5 6 7 8 9 10 11 12 13 14 15 16 17 18 19 | 19.4
Earth Magic    | 2 4 5 6 7 9 10 11 12 13 14 | 14.0
Hexes          | 3 5 6 8 10 12 13 14 15 16 17 18 19 | 19.7
Translocations | 2 3 |  3.0
Shields        | 1 4 6 8 10 12 13 | 13.3
Transmutations | 1 3 |  3.7

Action                     |  1- 3 |  4- 6 |  7- 9 | 10-12 | 13-15 | 16-18 | 19-21 | 22-24 || total
---------------------------+-------+-------+-------+-------+-------+-------+-------+-------++-------
  Melee: Hand axe          |    11 |       |       |       |       |       |       |       ||    11
         Staff             |     6 |    18 |     3 |    44 |    18 |    15 |    53 |    23 ||   180
         Tailslap          |     1 |     1 |       |     8 |     3 |     4 |    16 |     9 ||    42
         Punch             |     1 |     1 |       |     1 |       |     1 |       |       ||     4
  Throw: Dart              |       |       |       |     9 |       |       |       |       ||     9
         Boomerang         |       |       |       |     4 |     3 |       |       |       ||     7
   Cast: Magic Dart        |    63 |   100 |    98 |   134 |   148 |   247 |   120 |    44 ||   954
         Searing Ray       |     3 |    21 |    56 |   193 |   223 |   118 |    27 |    10 ||   651
         Sandblast         |       |       |     5 |     1 |    30 |     8 |       |       ||    44
         Iskenderun's Myst |       |       |       |    23 |    51 |    59 |    47 |    19 ||   199
         Leda's Liquefacti |       |       |       |    16 |    16 |     3 |     2 |     1 ||    38
         Fulminant Prism   |       |       |       |    19 |    60 |    25 |    22 |       ||   126
         Slow              |       |       |       |       |     2 |     1 |       |       ||     3
         Iskenderun's Batt |       |       |       |       |    24 |   132 |   147 |    83 ||   386
         Iron Shot         |       |       |       |       |       |   386 |   716 |   517 ||  1619
         Orb of Destructio |       |       |       |       |       |     1 |    13 |    26 ||    40
         Yara's Violent Un |       |       |       |       |       |    13 |    12 |     9 ||    34
         Lee's Rapid Decon |       |       |       |       |       |     5 |       |    20 ||    25
         Enfeeble          |       |       |       |       |       |       |       |     2 ||     2
Ability: Breathe Dispellin |       |       |     1 |       |       |       |       |     2 ||     3
  Evoke: Wand              |       |       |    11 |     1 |     1 |     3 |     1 |     4 ||    21
         Lightning rod     |       |       |       |       |     2 |     4 |     2 |     4 ||    12
         Box of beasts     |       |       |       |       |       |       |     2 |     1 ||     3
    Use: Scroll            |     3 |     7 |     1 |    16 |     8 |     8 |     7 |     8 ||    58
         Potion            |       |     2 |       |     1 |     4 |     1 |     6 |     5 ||    19
   Stab: Sleeping          |       |       |       |     1 |       |       |       |       ||     1
 Armour: Skin              |     7 |     8 |    15 |    79 |   106 |    76 |    70 |    57 ||   418
  Dodge: Dodged            |    15 |    38 |    53 |   402 |   508 |   199 |   222 |    94 ||  1531
  Block: Other             |       |       |       |       |       |     5 |       |       ||     5
         Reflection        |       |       |       |       |       |    16 |    53 |    13 ||    82
         Buckler           |       |       |       |       |       |    53 |   192 |    39 ||   284
         Kite shield       |       |       |       |       |       |       |       |    93 ||    93
